 Dungeon Crawl Stone Soup version 0.29-a0-352-g0917bc69df (webtiles) character file.

Game seed: 7433466891239610929

77 spaghetti the Caller (level 4, 0/36 HPs)
             Began as a Naga Summoner on Apr 24, 2022.
             Was an Initiate of Gozag.
             Slain by a nameless horror (6 damage)
             ... created by miscasting Call Canine Familiar
             ... on level 2 of the Dungeon.
             The game lasted 00:07:17 (3332 turns).

spaghetti the Caller (Naga Summoner)                Turns: 3332, Time: 00:07:18

Health: 0/36       AC:  2    Str: 16    XL:     4   Next: 34%
Magic:  0/8        EV: 10    Int: 17    God:    Gozag
Gold:   127        SH:  0    Dex: 12    Spells: 3/9 levels left

rFire   . . .      SeeInvis +   c - staff of air {!astaff}
rCold   . . .      Faith    .   (no shield)
rNeg    . . .      Spirit   .   a - +0 robe
rPois   +          Reflect  .   (no helmet)
rElec   +          Harm     .   (no cloak)
rCorr   .          Rampage  .   (no gloves)
Will    .....                   (no barding)
Stlth   ++........              (no amulet)
HPRegen 0.12/turn               i - +6 ring of strength
MPRegen 0.11/turn               (no ring)

@: brilliant, gold aura, very slightly contaminated, very slow
A: AC +1, large, see invisible, deformed body, poison resistance, slowness 2,
spit poison 1, naga tail 1
a: Spit Poison, Renounce Religion, Potion Petition, Call Merchant, Bribe Branch


You were on level 2 of the Dungeon.
You worshipped Gozag.
Gozag was aware of your devotion.
You visited 1 branch of the dungeon, and saw 2 of its levels.

You collected 127 gold pieces.


Innate Abilities, Weirdness & Mutations

Your serpentine skin is tough. (AC +1)
You have supernaturally acute eyesight. (SInv)
Armour fits poorly on your strangely shaped body.
Your system is resistant to poisons. (rPois)
You cover ground very slowly.
You can spit poison.
You have a snake-like lower body.


   Skills:
 - Level 1.5 Dodging
 - Level 3.0 Stealth
 * Level 3.1 Spellcasting
 + Level 4.7 Summonings
 + Level 1.4 Air Magic


You had 3 spell levels left.
You knew the following spells:

 Your Spells              Type           Power      Damage    Failure   Level
a - Summon Small Mammal   Summ           100%       N/A       2%          1
b - Call Imp              Summ           27%        N/A       3%          2
c - Call Canine Familiar  Summ           27%        N/A       8%          3

Your spell library contained the following spells:

 Spells                   Type           Power      Damage    Failure   Level
 Summon Guardian Golem    Hex/Summ       15%        N/A       21%         3
 Summon Lightning Spire   Summ/Air       29%        N/A       43%         4

Inventory:

Hand Weapons
 j - a +3 dagger of holy wrath {short}
   (You took it off a goblin on level 2 of the Dungeon)
Missiles
 d - 102 stones {throwing}
 h - 2 poisoned darts {throwing}
Armour
 a - a +0 robe (worn)
Magical Staves
 c - a staff of air (weapon) {!astaff}
   (You found it on level 1 of the Dungeon)
Jewellery
 i - a +6 ring of strength (left hand)
   (You found it on level 2 of the Dungeon)
Scrolls
 e - a scroll of vulnerability {unknown}
 f - a scroll of amnesia {unknown}
 g - a scroll of teleportation {unknown}
 l - a scroll of enchant weapon {unknown}
 m - a scroll of identify {unknown}
Potions
 b - a potion of magic
 k - a potion of brilliance

Dungeon Overview and Level Annotations

Branches:
Dungeon (2/15)

Altars:
Gozag

..###.#..##.#
..###.##.##.## ...
.###.........# ...#
.##..####..#.# #..#
.....###...#.#####...#
..#...#..............#
..##.#.#...#.#####...###
..##.#.###.....Xr.......
..##...........#@.......
.........#.###.#........
.........#.##...........
............#..#........
..#####.....#..#........
..#####.............>...
..##.......##.##########
#.##.#...<.##.#
##.#.#..##.##.#


You could see a nameless horror (ally target) and a friendly quokka (summoned).


Message History

You are too injured to fight recklessly!
You are too injured to fight recklessly!
You are too injured to fight recklessly!
You are too injured to fight recklessly!
You are too injured to fight recklessly!
You are too injured to fight recklessly!
You are too injured to fight recklessly!
You are too injured to fight recklessly!
You are too injured to fight recklessly!
You are too injured to fight recklessly!
You are too injured to fight recklessly!
You are too injured to fight recklessly!
You are too injured to fight recklessly!
You are too injured to fight recklessly!
You are too injured to fight recklessly!
Casting: Call Canine Familiar (dangerous; 8% risk of failure)
Confirm with . or Enter, or press ? or * to list all spells.
You miscast Call Canine Familiar.
You are very lightly contaminated with residual magic.
Distant voices call out in your mind.
A nameless horror comes into view. 😕 MP[-3]
You lost 3 mp, and now have 5/8 mp.
The dart slug bites you. 😕 HP[-2]
You take 2 damage, and now have 32/36 hp.
Casting: Call Canine Familiar (dangerous; 8% risk of failure)
Confirm with . or Enter, or press ? or * to list all spells.
A beastly little devil appears in a puff of frigid air.
Your white imp says, "I'm here!"
The dart slug barely misses you.
The nameless horror misses you. 😕 MP[-2]
You lost 2 mp, and now have 3/8 mp.
Unknown command.
Casting: Call Imp (safe; 3% risk of failure)
Confirm with . or Enter, or press ? or * to list all spells.
You miscast Call Canine Familiar.
Nothing appears to happen.
The nameless horror hits you.
The dart slug bites you but does no damage. 😕 HP[-1] MP[-3]
You take 1 damage, and now have 31/36 hp.
You lost 3 mp, and now have 0/8 mp.
Unknown command.
You hit the dart slug but do no damage.
Send 'em back where they came from!
Your white imp shudders.
The dart slug bites you. 😕 HP[-3]
You take 3 damage, and now have 28/36 hp.
You hit the dart slug but do no damage. The nameless horror hits you.
Your white imp hits the dart slug.
Your white imp freezes the dart slug.
The dart slug launches a dart at you. The slug dart hits you.
* * * LOW HITPOINT WARNING * * *
😨 HP[-10]
You take 10 damage, and now have 18/36 hp.
MASSIVE DAMAGE!! (PAUSE) Unknown command.
You hit the dart slug but do no damage.
Send 'em back where they came from!
Your white imp disappears in a puff of smoke!
The nameless horror hits you!
* * * LOW HITPOINT WARNING * * *
😨 HP[-7]
You take 7 damage, and now have 11/36 hp.
You barely miss the dart slug. The dart slug closely misses you.
The nameless horror barely misses you. 😨 HP[+1] MP[+1]
Casting: Call Canine Familiar (dangerous; 8% risk of failure)
Confirm with . or Enter, or press ? or * to list all spells.
The dart slug closely misses you.
The nameless horror closely misses you. 😨 MP[-1]
You lost 1 mp, and now have 0/8 mp.
You hit the dart slug. The nameless horror barely misses you.
The dart slug launches a dart at you. The slug dart misses you.
The slug dart hits your quokka.
You hit the dart slug.
You kill the dart slug!
The nameless horror closely misses you.
Aiming: Spit Poison (1% risk of failure)
Press: ? - help, Shift-Dir - straight line, f - you That beam is likely to hit you.
Continue anyway?
Okay, then.
You hit the nameless horror but do no damage.
The nameless horror hits you.
* * * LOW HITPOINT WARNING * * *
Your quokka bites the nameless horror but does no damage. 😱 HP[-5]
You take 5 damage, and now have 7/36 hp.
It was a potion of brilliance.
You feel clever all of a sudden.
Send 'em back where they came from!
Your quokka shudders.
Your quokka bites the nameless horror.
Unknown command.
Unknown command.
You hit the nameless horror but do no damage.
Your quokka bites the nameless horror.
The nameless horror hits you.
* * * LOW HITPOINT WARNING * * *
Your quokka bites the nameless horror.
The nameless horror hits you.
You die...
Your body crumbles into a pile of gold.

Skill      XL: |  1  2  3  4 |
---------------+-------------+-----
Air Magic      | 1 |  1.4
Spellcasting   | 3 |  3.1
Dodging        | |  1.5
Stealth        | |  3.0
Summonings     | |  4.7

Action                   |  1- 3 |  4- 6 || total
-------------------------+-------+-------++-------
Melee: Unarmed           |     9 |       ||     9
       Staff             |    77 |    31 ||   108
       Punch             |     1 |       ||     1
 Cast: Summon Small Mamm |    31 |     1 ||    32
       Call Imp          |     9 |     1 ||    10
       Call Canine Famil |     5 |     2 ||     7
 Abil: Spit Poison       |    11 |       ||    11
  Use: Potion            |       |     1 ||     1
 Stab: Sleeping          |     1 |       ||     1
Armor: Robe              |    29 |     7 ||    36
Dodge: Dodged            |    72 |    20 ||    92

Levels and vault maps discovered:
D:1:      eino_arrival_water_cross, layout_loops_ring, chequers_big_river
D:2:      layout_loops_cross, ebering_ecumenical_altar_sacrificial,
          minmay_misc_feat_square

Notes
Turn   | Place    | Note
-------+----------+-------------------------------------------
     0 | D:1      | spaghetti the Naga Summoner began the quest for the Orb.
     0 | D:1      | Reached XP level 1. HP: 15/15 MP: 3/3
     0 | D:1      | magus.rc [v1.9.6]
    16 | D:1      | HP: 2/15 [giant cockroach (2)]
   308 | D:1      | magus.rc [v1.9.6]
   378 | D:1      | Reached XP level 2. HP: 20/22 MP: 1/5
   441 | D:1      | HP: 3/22 [hobgoblin (4)]
   530 | D:1      | HP: 3/22 [quokka (4)]
   891 | D:1      | Learned a level 2 spell: Call Imp
  1614 | D:1      | Reached XP level 3. HP: 18/28 MP: 4/6
  1618 | D:1      | Learned a level 3 spell: Call Canine Familiar
  2296 | D:2      | Reached skill level 1 in Air Magic
  2623 | D:2      | Found a faded altar of an unknown god.
  2638 | D:2      | Prayed at the altar of an unknown god.
  2638 | D:2      | Became a worshipper of Gozag Ym Sagoz the Greedy
  2831 | D:2      | Reached XP level 4. HP: 25/36 MP: 4/8
  3021 | D:2      | Reached skill level 3 in Spellcasting
  3319 | D:2      | Noticed a nameless horror
  3330 | D:2      | HP: 7/36 [nameless horror[miscasting Call Canine Familiar]
                  | (5)]
  3332 | D:2      | Slain by a nameless horror

Vanquished Creatures
  A dart slug (D:2)
  2 endoplasms
  5 hobgoblins
  A jackal (D:2)
  2 kobolds
  2 quokkas (D:1)
  A ball python (D:2)
  2 bats (D:1)
  2 frilled lizards
  3 goblins
  5 rats
26 creatures vanquished.

Vanquished Creatures (collateral kills)
  2 adders (D:2)
  An orc (D:2)
  6 endoplasms
  2 giant cockroaches (D:1)
  2 goblins (D:2)
  2 hobgoblins
  3 jackals (D:2)
  3 kobolds (D:2)
  A bat (D:1)
  3 rats
25 creatures vanquished.

Vanquished Creatures (others)
  4 plants (D:1)
4 creatures vanquished.

Grand Total: 55 creatures vanquished

Table legend:
 A = Non-vault XP
 B = Vault XP
 C = Vault XP percentage of total XP
 D = Non-vault monster count
 E = Vault monster count
 F = Vault count percentage of total count
                 A         B        C        D         E       F
            +---------+---------+-------+---------+---------+-------
      Total |     111 |       0 |   0.0 |      51 |       0 |   0.0
            +---------+---------+-------+---------+---------+-------
        D:1 |      39 |       0 |   0.0 |      24 |       0 |   0.0
        D:2 |      72 |       0 |   0.0 |      27 |       0 |   0.0
            +---------+---------+-------+---------+---------+-------

Illustrated notes

Table legend:
 A = Kills in this place as a percentage of kills in entire the game.
 B = Kills by you in this place as a percentage of kills by you in the entire game.
 C = Kills by friends in this place as a percentage of kills by friends in the entire game.
 D = Other kills in this place as a percentage of other kills in the entire game.
 E = Experience gained in this place as a percentage of experience gained in the entire game.
 F = Experience gained in this place divided by the number of levels of this place that you have seen.
                   A       B       C       D       E      F
               +-------+-------+-------+-------+-------+----------------------
         Total | 100.0 | 100.0 | 100.0 |   N/A | 100.0 |  55.5
       Dungeon | 100.0 | 100.0 | 100.0 |   N/A | 100.0 |  55.5
               +-------+-------+-------+-------+-------+----------------------

Table legend: (Time is in decaauts)
 A = Elapsed time spent in this place.
 B = Non-inter-level travel time spent in this place.
 C = Inter-level travel time spent in this place.
 D = Time resting spent in this place.
 E = Time spent auto-exploring this place.
 F = Levels seen in this place.
 G = Mean time per level.
                   A        B        C        D        E       F      G
               +--------+--------+--------+--------+--------+-----+--------+
         Total |   3799 |   3760 |     39 |    789 |   2423 |   2 | 1899.5 |
       Dungeon |   3799 |   3760 |     39 |    789 |   2423 |   2 | 1899.5 |
               +--------+--------+--------+--------+--------+-----+--------+

Top non-repeatable levels by time:
     D:1: 2594 daAuts
     D:2: 1204 daAuts
